 Dungeon Crawl Stone Soup version 0.24.0-123-gd5b16e6ec5 (webtiles) character file.

Game seed: 14177093291271927076, levelgen mode: deterministic

378 Johnny the Poker (level 6, -2/52 HPs)
             Began as a Demigod Gladiator on Jan 25, 2020.
             Slain by a mummy (6 damage)
             ... in an ossuary.
             The game lasted 00:03:16 (2279 turns).

Johnny the Poker (Demigod Gladiator)                Turns: 2279, Time: 00:03:17

Health: -2/52      AC: 10    Str: 21    XL:     6   Next: 20%
Magic:  8/8        EV:  9    Int: 12    God:
Gold:   150        SH:  0    Dex: 17    Spells: 5/5 levels left

rFire    . . .     SeeInvis .   a - +0 trident
rCold    . . .     Gourm    .   (no shield)
rNeg     . . .     Faith    .   h - +0 chain mail
rPois    .         Spirit   .   c - +0 helmet
rElec    .         Reflect  .   (no cloak)
rCorr    .         Harm     .   q - +0 pair of gloves
MR       .....                  (no boots)
Stlth    ..........             (no amulet)
HPRegen  0.17/turn              (no ring)
MPRegen  0.11/turn              (no ring)

@: no status effects
A: high mp 1
a: no special abilities


You were in an ossuary.
You were very hungry.

You visited 1 branch of the dungeon, and saw 4 of its levels.
You also visited: Ossuary.

You collected 150 gold pieces.

Inventory:

Hand Weapons
 a - a +0 trident (weapon)
Missiles
 d - 2 throwing nets (quivered)
Armour
 c - a +0 helmet (worn)
 h - a +0 chain mail (worn)
 q - a +0 pair of gloves (worn)
Scrolls
 e - a scroll of immolation {unknown}
 g - a scroll of fear {unknown}
 i - 5 scrolls of teleportation {unknown}
 j - a scroll of amnesia {unknown}
 l - a scroll of identify {unknown}
 n - a scroll of enchant weapon {unknown}
 o - 3 scrolls of remove curse {unknown}
Potions
 b - 2 potions of heal wounds {unknown}
 k - a potion of degeneration {unknown}
 m - a potion of flight {unknown}
 p - a potion of brilliance {unknown}
 r - 2 potions of agility
Comestibles
 f - 2 rations


   Skills:
 + Level 3.8 Fighting
 * Level 5.7 Polearms
 - Level 1.7 Throwing
 - Level 2.6 Dodging


You had 5 spell levels left.
You didn't know any spells.
Your spell library was empty.

Dungeon Overview and Level Annotations

Branches:
Dungeon (4/15)            Ossuary (1/1)
 Temple: D:4-7

Shops:
D:2 *

Annotations:
D:3 Grinder


Innate Abilities, Weirdness & Mutations

You have an increased reservoir of magic. (+10% MP)


Message History

The mummy is almost destroyed.
Attack whom?
Press: ? - help, Dir - move target cursor, f/p - mummy
Aim: a mummy (almost destroyed)
You closely miss the mummy.
The mummy is almost destroyed.
Attack whom?
Press: ? - help, Dir - move target cursor, f/p - mummy
Aim: a mummy (almost destroyed)
Your chain mail prevents you from hitting the mummy.
The mummy is almost destroyed.
The mummy hits you!
* * * LOW HITPOINT WARNING * * *
Attack whom?
Press: ? - help, Dir - move target cursor, f/p - mummy
Aim: a mummy (almost destroyed)
You hit the mummy but do no damage.
The mummy is almost destroyed.
The mummy hits you.
You die...

##..##...######'...##
#..####+## ##.##+##
#.## #..####^#'# #.#
##..##^##.# ### ##'##
##..'##### #∩###...#
##..# #..'....+ ##'##
#∩###...# +...###!###
### ##+## +@M.'.....#
#...#####.. ##+##


You could see a mummy.

Vanquished Creatures
  A sky beast (D:3)
  An orc priest (D:4)
  2 hounds
  A worker ant (D:4)
  5 mummies (Ossuary)
  4 gnolls (D:4)
  An ooze (D:1)
  2 dart slugs
  3 leopard geckos
  4 orcs (D:4)
  10 bats
  2 giant cockroaches
  8 goblins
  3 hobgoblins
  A quokka (D:2)
  A gnoll skeleton (Ossuary)
  6 kobolds (D:1)
  3 kobold skeletons (Ossuary)
  7 rats
  11 rat skeletons (Ossuary)
76 creatures vanquished.

Notes
Turn   | Place    | Note
-------+----------+-------------------------------------------
     0 | D:1      | Johnny the Demigod Gladiator began the quest for the Orb.
     0 | D:1      | Reached XP level 1. HP: 17/17 MP: 3/3
    99 | D:1      | Reached skill level 3 in Polearms
   135 | D:1      | Reached XP level 2. HP: 15/24 MP: 4/4
   650 | D:1      | Reached XP level 3. HP: 29/30 MP: 5/5
   836 | D:2      | Found Zin's Purification Station.
   842 | D:2      | Found a glowing silver altar of Zin.
  1003 | D:2      | Found a glowing golden altar of the Shining One.
  1106 | D:2      | Reached skill level 4 in Polearms
  1443 | D:3      | Noticed a sky beast
  1470 | D:3      | Killed a sky beast
  1470 | D:3      | Reached XP level 4. HP: 21/38 MP: 6/6
  1470 | D:3      | Reached XP level 5. HP: 25/45 MP: 7/7
  1659 | D:3      | Found an ancient bone altar of Kikubaaqudgha.
  1701 | D:3      | Noticed Grinder
  1711 | D:4      | Reached skill level 5 in Polearms
  1836 | D:4      | Noticed an ogre
  1970 | D:4      | Found a sand-covered staircase.
  1990 | Ossuary  | Entered an ossuary
  2064 | Ossuary  | Reached XP level 6. HP: 36/52 MP: 8/8
  2279 | Ossuary  | Slain by a mummy

Levels and vault maps discovered:
D:1:      lightli_arrival_statue_moat, layout_loops_cross, grunt_decor_clamped,
          corexii_leaking_fountain
D:2:      layout_loops_ring, lemuel_doored_altar, zin_purify
D:3:      minmay_wonky_spiral, layout_loops_ring, nicolae_gozag_seed_capital,
          first_ration, tgw_kikubaaqudgha, uniq_grinder
D:4:      layout_loops_ring, minmay_temple_entry_large_hall,
          nicolae_ossuary_entry_ruins, grunt_decor_mini_mirrors
Ossuary:  ossuary_due_small_catacomb

Skill      XL: |  1  2  3  4  5 |
---------------+----------------+-----
Polearms       | 3 4 5 |  5.7
Fighting       | 2 3 |  3.8
Throwing       | |  1.7
Dodging        | |  2.6

Action                   |  1- 3 |  4- 6 || total
-------------------------+-------+-------++-------
Melee: Trident           |   156 |   126 ||   282
Throw: Throwing net      |       |     4 ||     4
  Use: Potion            |       |     3 ||     3
 Stab: Held in net/web   |       |     2 ||     2
  Eat: Ration            |       |     1 ||     1
Armor: Chain mail        |    81 |    30 ||   111
       Leather armour    |     1 |       ||     1
       Skin              |       |     1 ||     1
Dodge: Dodged            |    78 |    30 ||   108
